 Dungeon Crawl Stone Soup version 0.31.0-11-ge490571c62 (webtiles) character file.

Game seed: 13135079556531579602

564 Arcadio the Skirmisher (level 7, -1/56 HPs)
             Began as a Gnoll Hunter on Jan 29, 2024.
             Was an Initiate of Ashenzari.
             Slain by a yak (12 damage)
             ... on level 5 of the Dungeon.
             The game lasted 00:07:21 (4152 turns).

Arcadio the Skirmisher (Gnoll Hunter)               Turns: 4152, Time: 00:07:22

Health: -1/56      AC:  3    Str: 10    XL:     7   Next: 32%
Magic:  0/10       EV: 13    Int: 11    God:    Ashenzari [......]
Gold:   169        SH:  0    Dex: 15    Spells: 11/11 levels left

rFire   . . .        a - +0 shortbow
rCold   . . .        (shield currently unavailable)
rNeg    . . .        c - +0 leather armour
rPois   .            (no helmet)
rElec   .            (no cloak)
rCorr   .            (no gloves)
SInv    .            (no boots)
Will    .....        q - amulet of guardian spirit
Stlth   ++           i - ring of flight
HPRegen 0.29/turn    (no ring)
MPRegen 0.12/turn

%: guardian spirit
@: flying
A: fangs 1, strong nose, distributed training
a: Renounce Religion


You were on level 5 of the Dungeon.
You worshipped Ashenzari.
Ashenzari was noncommittal.
You visited 1 branch of the dungeon, and saw 5 of its levels.

You collected 169 gold pieces.

Inventory:

Hand Weapons
 a - a +0 shortbow (weapon)
Armour
 c - a +0 leather armour (worn)
Jewellery
 i - a ring of flight (left hand)
 q - an amulet of guardian spirit (around neck)
Wands
 r - a wand of iceblast (6)
Scrolls
 b - a scroll of butterflies
 e - 3 scrolls of poison {unknown}
 f - 2 scrolls of amnesia {unknown}
 h - a scroll of identify {unknown}
 k - 3 scrolls of teleportation {unknown}
 l - 2 scrolls of revelation {unknown}
 o - 2 scrolls of noise {unknown}
 p - a scroll of vulnerability {unknown}
Potions
 d - a potion of mutation {unknown}
 g - 2 potions of attraction {unknown}
 j - a potion of resistance {unknown}
 m - 4 potions of curing {unknown}
 n - a potion of lignification {unknown}
 s - 2 potions of heal wounds {unknown}
 t - a potion of might {unknown}


   Skills:
 + Level 5.2 Fighting
 + Level 2.5 Short Blades
 + Level 2.5 Long Blades
 + Level 2.5 Axes
 + Level 2.5 Maces & Flails
 + Level 2.5 Polearms
 + Level 2.5 Staves
 + Level 8.9 Ranged Weapons
 + Level 2.5 Throwing
 + Level 2.5 Armour
 + Level 5.2 Dodging
 + Level 3.5 Stealth
 + Level 2.5 Shields
 + Level 2.5 Unarmed Combat
 + Level 2.5 Spellcasting
 + Level 2.0 Conjurations
 + Level 2.0 Hexes
 + Level 2.0 Summonings
 + Level 2.0 Necromancy
 + Level 2.0 Translocations
 + Level 2.0 Fire Magic
 + Level 2.0 Ice Magic
 + Level 2.0 Air Magic
 + Level 2.0 Earth Magic
 + Level 2.0 Alchemy
 + Level 2.8 Invocations
 + Level 2.5 Evocations
 + Level 2.2 Shapeshifting


You had 11 spell levels left.
You didn't know any spells.
Your spell library was empty.

Dungeon Overview and Level Annotations

Branches:
Dungeon (5/15)
 Temple: D:4-7

Altars:
Ashenzari
Gozag
Qazlal
Xom

Shops:
D:3 [

Annotations:
D:3 1 runed translucent door, sanka's ghost, amateur MiFi
D:4 Pikel


Innate Abilities, Weirdness & Mutations

You have very sharp teeth.
Your uncanny sense of smell can sniff out nearby items.
Your experience applies equally to all skills.


Message History

The yak gores you but does no damage.
You shoot an arrow. The arrow hits the yak.
The yak is lightly wounded.
The yak gores you!
You shoot an arrow. The arrow barely misses the yak.
The yak gores you!
Okay, then.
Aiming: Iceblast
Press: ? - help, Shift-Dir - straight line, p - yak The mass of ice explodes!
The iceblast engulfs the yak!
The yak is severely wounded.
The iceblast engulfs the iguana!
The iguana is almost dead.
The iceblast engulfs you! The yak gores you!
You see here a bombardier beetle corpse.
There is an open door here.
The yak attacks as it pursues you! The yak gores you.
There is an open door here.
Aiming: Iceblast
Press: ? - help, Shift-Dir - straight line, f - yak
Aim: a yak (severely wounded)
The mass of ice explodes!
The iceblast engulfs the yak!
The yak is almost dead.
The iceblast engulfs the orc wizard!
The orc wizard is severely wounded.
The yak attacks as it pursues you! The yak barely misses you.
You shoot an arrow. The arrow hits the yak!
The yak is almost dead.
The yak barely misses you.
You shoot an arrow.
The arrow hits the orc wizard but does no damage.
The orc wizard is severely wounded.
The yak barely misses you. The orc wizard closely misses you.
You shoot an arrow. The arrow barely misses the orc wizard.
The yak gores you!
The orc wizard hits you with a +0 dagger.
* * * LOW HITPOINT WARNING * * *
The orc wizard casts a spell.
The orc wizard flickers and vanishes!
The iguana attacks as it pursues you! The iguana closely misses you.
The yak attacks as it pursues you! The yak gores you!
You die...

∆∆ ∆ ∆ ##### ####
##?))##+#..##
##..l..##....#
#....{Y.'....#
##.#
#.@Y8...##..##
...#
+.......##'##
####
##.....##..##
#+##?))##o...#
###
####..#####)....#
..
#.#....##.l##..##
####
#.#....'.Y..####
#### ...##
#.##.Y##....# .
#⌠ ###.##
##.#######..## .#
#⌠


You could see a yak, an ice beast and an iguana.

Vanquished Creatures
  Sigmund (D:2)
  2 lemures
  3 bombardier beetles
  A jelly (D:3)
  A hound (D:5)
  An iguana (D:5)
  An orc wizard (D:3)
  A gnoll (D:5)
  10 adders
  2 white imps (D:5)
  3 ribbon worms
  7 orcs
  7 endoplasms
  2 giant cockroaches
  3 goblins
  9 hobgoblins
  2 jackals (D:2)
  2 quokkas (D:1)
  6 ball pythons
  2 bats
  5 frilled lizards
  7 kobolds
78 creatures vanquished.

Notes
Turn   | Place    | Note
-------+----------+-------------------------------------------
     0 | D:1      | Arcadio the Gnoll Hunter began the quest for the Orb.
     0 | D:1      | Reached XP level 1. HP: 20/20 MP: 1/1
   265 | D:1      | Reached XP level 2. HP: 26/26 MP: 2/2
   740 | D:2      | Reached XP level 3. HP: 31/31 MP: 3/3
   792 | D:2      | Reached skill level 1 in Invocations
   805 | D:2      | Noticed Sigmund
   833 | D:2      | Killed Sigmund
   834 | D:2      | Reached skill level 1 in Short Blades
   834 | D:2      | Reached skill level 1 in Long Blades
   834 | D:2      | Reached skill level 1 in Axes
   834 | D:2      | Reached skill level 1 in Maces & Flails
   834 | D:2      | Reached skill level 1 in Polearms
   834 | D:2      | Reached skill level 1 in Staves
   834 | D:2      | Reached skill level 1 in Throwing
   834 | D:2      | Reached skill level 1 in Armour
   834 | D:2      | Reached skill level 1 in Shields
   834 | D:2      | Reached skill level 1 in Unarmed Combat
   834 | D:2      | Reached skill level 1 in Spellcasting
   834 | D:2      | Reached skill level 1 in Conjurations
   834 | D:2      | Reached skill level 1 in Hexes
   834 | D:2      | Reached skill level 1 in Summonings
   834 | D:2      | Reached skill level 1 in Necromancy
   834 | D:2      | Reached skill level 1 in Translocations
   834 | D:2      | Reached skill level 1 in Fire Magic
   834 | D:2      | Reached skill level 1 in Ice Magic
   834 | D:2      | Reached skill level 1 in Air Magic
   834 | D:2      | Reached skill level 1 in Earth Magic
   834 | D:2      | Reached skill level 1 in Alchemy
   834 | D:2      | Reached skill level 1 in Evocations
   834 | D:2      | Reached skill level 1 in Shapeshifting
   834 | D:2      | Reached XP level 4. HP: 25/38 MP: 4/6
   834 | D:2      | Reached XP level 5. HP: 28/43 MP: 4/7
  1434 | D:3      | Reached XP level 6. HP: 47/50 MP: 8/8
  1446 | D:3      | Reached skill level 5 in Fighting
  1446 | D:3      | Reached skill level 5 in Dodging
  1494 | D:3      | Found a runed translucent door.
  1497 | D:3      | Noticed sanka's ghost (amateur MiFi)
  2087 | D:3      | Found Sokloam's Antique Armour Boutique.
  2625 | D:4      | Found a stormy altar of Qazlal.
  2663 | D:4      | Noticed Pikel
  3253 | D:5      | Entered Level 5 of the Dungeon
  3375 | D:5      | Found a shimmering altar of Xom.
  3375 | D:5      | Found an opulent altar of Gozag.
  3562 | D:5      | Found a broken altar of Ashenzari.
  3569 | D:5      | Became a worshipper of Ashenzari the Shackled
  3629 | D:5      | Reached XP level 7. HP: 50/56 MP: 8/10
  3917 | D:5      | Noticed a yak
  4152 | D:5      | Slain by a yak

Illustrated notes

Levels and vault maps discovered:
D:1:      dpeg_arrival_circle_labyrinth_c, layout_basic
D:2:      layout_rooms, roderic_roman_lattice, uniq_sigmund
D:3:      layout_loops_corners, ebering_ghost_sewer_d, serial_shops, shop
D:4:      layout_gridville, old_standard_altar, nicolae_overflow_hidden_temple,
          uniq_pikel
D:5:      minmay_bubble_buster, layout_loops_ring, evilmike_ruin_ashenzari,
          gammafunk_temple_overflow_wave, chequers_mini_garden, uniq_grinder

Skill      XL: |  1  2  3  4  5  6  7 |
---------------+----------------------+-----
Invocations    | 1 2 |  2.8
Short Blades   | 1 2 |  2.5
Long Blades    | 1 2 |  2.5
Axes           | 1 2 |  2.5
Maces & Flails | 1 2 |  2.5
Polearms       | 1 2 |  2.5
Staves         | 1 2 |  2.5
Throwing       | 1 2 |  2.5
Armour         | 1 2 |  2.5
Shields        | 1 2 |  2.5
Unarmed Combat | 1 2 |  2.5
Spellcasting   | 1 2 |  2.5
Conjurations   | 1 2 |  2.0
Hexes          | 1 2 |  2.0
Summonings     | 1 2 |  2.0
Necromancy     | 1 2 |  2.0
Translocations | 1 2 |  2.0
Fire Magic     | 1 2 |  2.0
Ice Magic      | 1 2 |  2.0
Air Magic      | 1 2 |  2.0
Earth Magic    | 1 2 |  2.0
Alchemy        | 1 2 |  2.0
Evocations     | 1 2 |  2.5
Shapeshifting  | 1 2 |  2.2
Stealth        | 3 |  3.5
Fighting       | 5 |  5.2
Dodging        | 5 |  5.2
Ranged Weapons | |  8.9

Action                     |  1- 3 |  4- 6 |  7- 9 || total
---------------------------+-------+-------+-------++-------
   Fire: Shortbow          |    78 |   192 |    70 ||   340
  Evoke: Wand              |       |       |     2 ||     2
 Armour: Leather armour    |     6 |    57 |    36 ||    99
  Dodge: Dodged            |    12 |    63 |    45 ||   120
